 Dungeon Crawl Stone Soup version 0.30-a0-778-g2ef04afb54 (webtiles) character file.

Game seed: 15815341816631782207

107 mopl the Sneak (level 4, -1/15 (23) HPs)
             Began as a Vine Stalker Brigand on Feb 15, 2023.
             Killed from afar by an orc wizard (6 damage)
             ... with a magic dart
             ... on level 3 of the Dungeon.
             The game lasted 00:03:23 (1851 turns).

mopl the Sneak (Vine Stalker Brigand)               Turns: 1851, Time: 00:03:24

HP:   -1/15 (23)    AC:  4    Str: 13    XL:     4   Next: 86%
MP:   0/5           EV: 11    Int: 11    God:
Gold: 88            SH:  0    Dex: 18    Spells: 3/3 levels left

rFire   . . .      SeeInvis .    a - +2 dagger
rCold   . . .      Faith    .    (no shield)
rNeg    . . .      Spirit   +    b - +0 robe
rPois   .          Reflect  .    i - +0 helmet
rElec   .          Harm     .    c - +0 cloak
rCorr   .          Rampage  .    (no gloves)
Will    .....                    (no boots)
Stlth   +++                      (no amulet)
HPRegen 1.02/turn                (no ring)
MPRegen 0.09/turn                (no ring)

@: very heavily drained
A: fangs 2, regeneration 1, magic shield, antimagic bite, no potion heal 2
a: no special abilities


You were on level 3 of the Dungeon.
You visited 1 branch of the dungeon, and saw 3 of its levels.

You collected 88 gold pieces.

Inventory:

Hand Weapons
 a - a +2 dagger (weapon)
 s - the +7 short sword of Inference {flame, rC+ Will- Str-3 Int+4}
   (You found it on level 2 of the Dungeon)

   Str:       It affects your strength (-3).
   Int:       It affects your intelligence (+4).
   rC:        It protects you from cold.
   Will:      It decreases your willpower.
Missiles
 d - 14 poisoned darts (quivered)
 e - 3 curare-tipped darts
 p - 2 atropa-tipped darts
Armour
 b - a +0 robe (worn)
 c - a +0 cloak (worn)
 i - a +0 helmet (worn)
Scrolls
 g - 2 scrolls of teleportation {unknown}
 j - 3 scrolls of enchant armour {unknown}
 m - 4 scrolls of enchant weapon {unknown}
 n - a scroll of brand weapon {unknown}
 o - a scroll of blinking {unknown}
 q - a scroll of immolation {unknown}
Potions
 k - a potion of magic
 l - a potion of heal wounds
 r - 2 potions of brilliance


   Skills:
 - Level 1.7 Fighting
 + Level 2.9 Short Blades
 + Level 2.9 Throwing
 - Level 0.7 Dodging
 + Level 5.9 Stealth


You had 3 spell levels left.
You didn't know any spells.
Your spell library contained the following spells:

 Spells                   Type           Power      Damage    Failure   Level
 Ignite Poison            Fire/Tmut/Pois 0%         N/A       71%         3
 Kindle Blastsparks       Fire/Tloc/Air  0%         2d10      71%         3
 Animate Dead             Necr           0%         N/A       98%         4
 Borgnjor's Vile Clutch   Necr/Erth      0%         N/A       100%        5
 Freezing Cloud           Conj/Ice/Air   0%         6-21      100%        5
 Death Channel            Necr           0%         N/A       100%        6


Dungeon Overview and Level Annotations

Branches:
Dungeon (3/15)

Altars:
Zin


Innate Abilities, Weirdness & Mutations

You have extremely sharp teeth.
Your natural rate of healing is unusually fast.
When hurt, damage is shared between your health and your magic reserves.
Your bite disrupts and absorbs the magic of your enemies.
Potions cannot restore your health.


Message History

Items here: )) [ ††.
You hit the orc wizard. Your bite misses the orc wizard.
The orc wizard is lightly wounded.
You hit the orc wizard.
The orc wizard is moderately wounded.
The orc wizard hits you with a +2 dagger of draining.
You feel drained.
The orc shouts!
You hit the orc wizard.
The orc wizard is heavily wounded.
The orc wizard casts a spell.
The orc wizard flickers and vanishes!
Deactivating autopickup; reactivate with Ctrl-A.
You hit something. Your bite misses something. Something hits you.
You feel drained.
You closely miss something. You bite something. Something hits you.
You feel drained.
You hit something but do no damage. Your bite misses something.
Something hits you.
You feel drained.
You hit something but do no damage. You bite something.
You hear some strange, mumbled words.
A magic dart appears from out of thin air!
The magic dart hits you.
You hit something but do no damage. You miss something. Something hits you.
You feel drained.
You completely miss something. Something hits you but does no damage.
You feel drained.
You hit something but do no damage. Your bite misses something.
Something hits you.
You feel drained.
You hit something. Your bite misses something.
You hear some strange, mumbled words.
A puff of flame appears from out of thin air!
The puff of flame hits you!
Ouch! That really hurt!
* * * LOW HITPOINT WARNING * * *
You hit something but do no damage. You bite something.
You hear some strange, mumbled words.
A magic dart appears from out of thin air!
The magic dart hits you.
You die...

.. ....#.#
#.........#
#.........#
....###.### ...#
##.# ... #.)# .
#.## #.#
###########.#######
........@{oo.......
###########....###.
#..o...~...#
#o.........#
...o..o....~..#
####.......~~.#
#..........#
#####....~##
#######


You could see 2 orcs.

Vanquished Creatures
  2 adders
  A worm (D:2)
  4 dart slugs
  10 orcs
  5 endoplasms
  2 giant cockroaches
  5 goblins
  5 hobgoblins
  7 jackals
  2 quokkas (D:1)
  6 ball pythons
  5 bats (D:1)
  3 frilled lizards
  4 kobolds
  5 rats
66 creatures vanquished.

Notes
Turn   | Place    | Note
-------+----------+-------------------------------------------
     0 | D:1      | mopl the Vine Stalker Brigand began the quest for the Orb.
     0 | D:1      | Reached XP level 1. HP: 11/11 MP: 2/2
    49 | D:1      | Reached skill level 5 in Stealth
    89 | D:1      | Reached skill level 2 in Throwing
    96 | D:1      | Reached skill level 2 in Short Blades
    96 | D:1      | Reached XP level 2. HP: 12/15 MP: 3/3
   251 | D:1      | Reached XP level 3. HP: 18/18 MP: 4/4
   474 | D:1      | You fall into a shaft and drop 1 floor!
   795 | D:1      | Gained mutation: Your natural rate of healing is unusually
                  | fast. [Vine Stalker growth]
   795 | D:1      | Reached XP level 4. HP: 23/23 MP: 5/5
   895 | D:2      | Found a faded altar of an unknown god.
   930 | D:2      | Found a glowing silver altar of Zin.
  1352 | D:2      | Identified the +7 short sword of Inference {flame, rC+
                  | Will- Str-3 Int+4}
  1851 | D:3      | Killed from afar by an orc wizard

Illustrated notes

Levels and vault maps discovered:
D:1:      saegor_arrival_miasma, layout_loops_ring
D:2:      layout_basic, basic_altar, hellmonk_ecumenical_altar_run_dry,
          serial_co_window_serial, co_window_corner_a, co_window_paths_a,
          co_window_corner_a, co_window_corner_a, co_window_paths_a,
          co_window_2corner, co_window_broadway_c, co_window_broadway_b,
          co_window_of_opportunity_c, co_window_broadway_c, glass_columns_b,
          glass_columns_a, glass_columns_a
D:3:      layout_rooms, mainiacjoe_overflow_alcove_2,
          mainiacjoe_overflow_cross_hatched, chequers_serial_rivers_micro_c

Skill      XL: |  1 |
---------------+----+-----
Stealth        | 5 |  5.9
Throwing       | 2 |  2.9
Short Blades   | 2 |  2.9
Fighting       | |  1.7
Dodging        | |  0.7

Action                     |  1- 3 |  4- 6 || total
---------------------------+-------+-------++-------
  Melee: Dagger            |    98 |    99 ||   197
         Bite              |    15 |    38 ||    53
         Punch             |     2 |     2 ||     4
    Use: Scroll            |       |     4 ||     4
         Potion            |       |     1 ||     1
   Stab: Sleeping          |     8 |     7 ||    15
 Armour: Robe              |    27 |    16 ||    43
  Dodge: Dodged            |    39 |    41 ||    80

Table legend: (Time is in decaauts)
 A = Elapsed time spent in this place.
 B = Non-inter-level travel time spent in this place.
 C = Inter-level travel time spent in this place.
 D = Time resting spent in this place.
 E = Time spent auto-exploring this place.
 F = Levels seen in this place.
 G = Mean time per level.
                   A        B        C        D        E       F      G
               +--------+--------+--------+--------+--------+-----+--------+
         Total |   1826 |   1738 |     88 |     20 |   1245 |   3 |  608.7 |
       Dungeon |   1826 |   1738 |     88 |     20 |   1245 |   3 |  608.7 |
               +--------+--------+--------+--------+--------+-----+--------+

Top non-repeatable levels by time:
     D:2: 922 daAuts
     D:1: 761 daAuts
     D:3: 143 daAuts
